Map: Lightshade LE

Players

A.I. 1 (Very Easy) - Winner!

  • Race: Terran Terran

Gemini

  • Race: Protoss Protoss
  • League: Grandmaster

VOD

Have the link to the VOD?

Description

Time

  • Played on: May 1, 2021, 10:38 a.m.
  • Length: 8:41
Show
View Real Time Build Order
Export as new Build Order

A.I. 1 (Very Easy) Terran - Winner!

Build Orders: Reaper Expand 

Get SALT Encoding   

  12  0:00  SCV  
  13  0:13  SCV  
  14  0:18  Supply Depot  
  14  0:42  Barracks  
  14  1:03  Command Center  
  14  1:30  Orbital Command, Supply Depot  
  14  1:31  Marine  
  15  1:35  Refinery  
  15  1:48  Refinery  
  15  1:55  SCV  
  16  2:08  SCV  
  17  2:15  Reaper  
  18  2:20  SCV  
  18  2:21  SCV  
  20  2:32  SCV  
  20  2:35  SCV  
  23  2:44  SCV  
  23  2:50  SCV  
  24  2:57  SCV  
  25  3:03  Refinery  
  25  3:04  SCV, Marine  
  25  3:11  SCV  
  26  3:18  SCV  
  25  3:26  SCV  
  26  3:29  Refinery  
  26  3:33  SCV, Factory  
  26  3:53  SCV  
  26  3:54  Barracks Tech Lab  
  27  4:00  SCV  
  28  4:08  SCV  
  29  4:12  Marauder  
  29  4:13  Supply Depot  
  29  4:15  SCV  
  32  4:18  Starport  
  32  4:22  SCV  
  33  4:29  SCV  
  34  4:36  SCV  
  35  4:43  SCV  
  36  4:51  SCV  
  37  4:55  Starport Tech Lab, Supply Depot  
  37  4:58  SCV  
  38  5:01  Marine  
  38  5:05  SCV  
  39  5:12  SCV  
  39  5:13  Raven  
  42  5:19  SCV  
  43  5:26  SCV  
  44  5:34  Hellion, SCV  
  44  5:36  Supply Depot  
  44  5:41  SCV  
  42  5:48  SCV  
  43  5:55  SCV  
  43  5:56  Raven  
  46  6:02  SCV  
  46  6:03  Hellion  
  49  6:09  SCV  
  47  6:17  SCV  
  47  6:24  SCV  
  48  6:31  Hellion  
  50  6:34  Supply Depot  
  50  6:39  Raven  
  52  6:41  SCV  
  50  7:00  Hellion  
  52  7:23  Raven  
  52  7:29  Marauder  
  52  7:53  SCV  
  48  8:00  SCV  
  47  8:07  SCV  
  50  8:14  SCV  
  50  8:17  Marine  
  52  8:22  SCV  
  53  8:29  SCV  
Show
View Real Time Build Order
Export as new Build Order

Gemini Protoss 

Build Orders: 1 Gate Expand, Phoenix Opening, Colossus Rush 

Get SALT Encoding   

  12  0:00  Probe  
  13  0:12  Probe  
  14  0:18  Pylon  
  14  0:24  Probe (Chrono Boost)  
  15  0:36  Probe (Chrono Boost), Gateway  
  16  0:44  Probe (Chrono Boost)  
  16  0:45  Assimilator  
  17  0:51  Probe  
  18  1:03  Probe  
  19  1:15  Probe  
  20  1:24  Cybernetics Core  
  20  1:34  Nexus  
  20  1:39  Pylon  
  20  1:41  Probe  
  21  1:50  Assimilator  
  21  1:53  Probe  
  22  1:58  Adept (Chrono Boost)  
  24  2:05  Probe  
  25  2:09  Shield Battery  
  25  2:18  Adept (Chrono Boost), Probe  
  28  2:31  Stargate  
  28  2:32  Probe  
  28  2:34  Warp Gate  
  29  2:47  Adept  
  29  2:48  Probe (Chrono Boost)  
  29  2:49  Probe (Chrono Boost)  
  33  3:00  Probe (Chrono Boost)  
  33  3:03  Probe (Chrono Boost)  
  34  3:08  Probe  
  35  3:15  Phoenix (Chrono Boost)  
  35  3:17  Probe  
  38  3:22  Probe  
  38  3:26  Pylon  
  39  3:29  Probe  
  39  3:31  Phoenix (Chrono Boost)  
  43  3:34  Probe  
  43  3:41  Probe  
  43  3:46  Assimilator, Probe  
  45  3:49  Gateway  
  45  3:53  Probe, Phoenix (Chrono Boost)  
  45  3:55  Pylon  
  48  3:59  Probe  
  49  4:03  Assimilator  
  49  4:05  Probe  
  50  4:13  Probe  
  50  4:14  Robotics Facility  
  51  4:18  Phoenix, Probe  
  54  4:28  Pylon  
  54  4:29  Probe (Chrono Boost)  
  54  4:30  Probe (Chrono Boost)  
  57  4:41  Probe (Chrono Boost)  
  57  4:42  Probe (Chrono Boost)  
  57  4:43  Phoenix  
  60  4:48  Pylon, Probe  
  60  4:50  Probe  
  62  4:59  Nexus  
  62  5:02  Probe  
  62  5:04  Observer (Chrono Boost)  
  62  5:06  Robotics Bay  
  64  5:18  Sentry  
  64  5:19  Gateway  
  66  5:22  Immortal (Chrono Boost)  
  66  5:27  Probe x2  
  72  5:32  Pylon  
  72  5:40  Probe x2  
  74  5:50  Colossus (Chrono Boost)  
  74  5:52  Probe x2  
  74  5:54  Extended Thermal Lance  
  74  5:56  Sentry x2  
  86  6:00  Shield Battery  
  86  6:03  Shield Battery  
  86  6:15  Pylon, Probe x2  
  86  6:17  Pylon  
  88  6:21  Probe  
  89  6:27  Probe x2  
  89  6:28  Twilight Council  
  89  6:31  Forge  
  91  6:33  Probe  
  91  6:34  Colossus (Chrono Boost)  
  91  6:39  Probe  
  99  6:43  Probe  
  99  6:45  Assimilator, Probe  
  99  6:46  Assimilator  
  101  6:53  Probe, Gateway x2  
  102  6:56  Probe  
  102  6:59  Probe  
  104  7:01  Zealot, Charge (Chrono Boost)  
  104  7:02  Zealot x2  
  110  7:10  Gateway  
  110  7:13  Gateway  
  110  7:16  Probe x2  
  110  7:18  Gateway  
  110  7:19  Pylon  
  112  7:27  Probe  
  113  7:31  Pylon  
  113  7:37  Colossus (Chrono Boost)  
  113  7:38  Templar Archives  
  113  7:40  Pylon  
  113  7:42  Pylon  
  119  7:48  Phoenix  
  121  7:53  Zealot x5  
  131  8:06  Zealot  
  131  8:09  Zealot  
  135  8:13  Pylon  
  135  8:16  High Templar x4  
  135  8:17  High Templar  
  135  8:18  High Templar  
  147  8:21  Archon  
  147  8:22  Archon x2  
  147  8:23  Nexus  
  147  8:25  Pylon  
  149  8:36  Pylon  
  149  8:37  Pylon  
  149  8:39  Pylon  
Tags
 
Add a new tag
Caveats
  • Supply blocks, unpowered buildings, or Contaminate may cause inaccurate times.
  • Supply counts are checked every 10 seconds.